AoeStats
← the best player in the universe

Enclosed

504702876Analyzed
1v1 RM · 26d ago on Sep 6, 2026· 37m 48s· 2 players
Game mode
Random Map
Map size
Tiny (2 player)
Population
200
Speed
Normal
Resources
Standard
Victory
Conquest
Starting age
Dark Age
Ending age
Imperial Age
RankedLock teamsTeams togetherTeam positionsShared explorationLock speedFull tech treeHidden civsTurbo modeCheats
Victory
Defeat
🇪🇪 Chinese · Estonia
1169
+15
1145
-15
the best player in the universe
5:52 Loom
9:27 Feudal Age
9:52 Horse Collar
9:59 Double-Bit Axe
12:30 Wheelbarrow
19:33 Castle Age
18:00 Stone Mining
18:05 Gold Mining
20:58 Stone Shaft Mining
20:36 Bow Saw
20:36 Heavy Plow
20:58 Pikeman
28:00 Hand Cart
30:10 Fervor
30:21 Sanctity
32:16 Stone Shaft Mining
36:48 Imperial Age
35:01 Bloodlines
34:52 Husbandry
36:55 Cavalier
Croq
0:29 Loom
8:38 Feudal Age
9:24 Double-Bit Axe
18:03 Castle Age
16:03 Horse Collar
16:23 Gold Mining
17:49 Bloodlines
20:25 Husbandry
21:04 Bow Saw
21:08 Elite Skirmisher
22:59 Fervor
23:02 Fletching
27:04 Bodkin Arrow
29:31 Guard Tower
30:19 Ballistics
30:27 Town Watch
31:17 Wheelbarrow
34:19 Imperial Age
32:41 Squires
32:46 Scale Mail Armor
32:56 Forging
33:50 Chain Mail Armor
35:13 Iron Casting
35:17 Bracer
36:19 Chemistry
35:47 Conscription
36:04 Hand Cart
37:18 Plate Mail Armor
37:49 Blast Furnace
36:23 Elite Fire Lancer
Connection lost

Rejoining the realm…

Still unreachable

The connection could not be restored.

Session expired

The server has moved on; the page needs a fresh start.